 Dungeon Crawl Stone Soup version 0.29.0-4-gdea44cf6ec (webtiles) character file.

Game seed: 3154737709925338479

839 qw the Cleaver (level 8, -5/63 HPs)
             Began as a Barachi Chaos Knight on Sept 6, 2022.
             Slain by Blork the orc
             ... wielding a +0 glaive of venom
              (12 damage)
             ... on level 5 of the Dungeon.
             The game lasted 00:02:10 (5007 turns).

qw the Cleaver (Barachi Chaos Knight)               Turns: 5007, Time: 00:02:10

Health: -5/63      AC: 10    Str: 13    XL:     8   Next: 0%
Magic:  17/17      EV: 11    Int: 18    God:
Gold:   153        SH:  0    Dex: 12    Spells: 7/7 levels left

rFire   + + .      SeeInvis .   Y - +0 broad axe
rCold   x x .      Faith    .   (no shield)
rNeg    + . .      Spirit   .   a - +2 ring mail {rPois}
rPois   +          Reflect  .   j - +1 helmet
rElec   +          Harm     .   l - +0 cloak
rCorr   .          Rampage  .   (no gloves)
Will    .....                   (no boots)
Stlth   +.........              (no amulet)
HPRegen 0.20/turn               b - ring "Cuquc" {Fire rElec rN+ Str-2 Slay+3}
MPRegen 0.15/turn               f - ring of Caplia {Fire Contam MP+9 Int+5}

@: lethally poisoned (-5 -> -6), slow
A: amphibious, slowness 1, strong legs 1, +LOS, wild magic 1
a: Hop


You were on level 5 of the Dungeon.
You visited 1 branch of the dungeon, and saw 5 of its levels.

You collected 153 gold pieces.


Innate Abilities, Weirdness & Mutations

You are amphibious.
You cover ground slowly.
You can hop short distances.
You have an extended range of vision and can be seen from far away.
Your spells are a little harder to cast, but a little more powerful.


   Skills:
 + Level 5.5 Fighting
 - Level 9.0 Axes
 - Level 1.0 Throwing
 - Level 2.4 Armour
 - Level 2.2 Dodging


You had 7 spell levels left.
You didn't know any spells.
Your spell library was empty.

Inventory:

Hand Weapons
 d - a +0 flail
 Y - a +0 broad axe (weapon)
Missiles
 i - 5 boomerangs (quivered)
Armour
 a - a +2 ring mail of poison resistance (worn)
 j - a +1 helmet (worn)
 l - a +0 cloak (worn)
 o - a +3 scale mail
Jewellery
 b - the ring "Cuquc" (left hand) {Fire rElec rN+ Str-2 Slay+3}
   (You acquired it on level 2 of the Dungeon)

   [ring of fire]

   It enhances your fire magic.
   Str:       It affects your strength (-2).
   Slay:      It affects your accuracy & damage with ranged weapons and melee
   (+3).
   rF:        It protects you from fire.
   rC:        It makes you vulnerable to cold.
   rElec:     It insulates you from electricity.
   rN:        It protects you from negative energy.
 f - the ring of Caplia (right hand) {Fire Contam MP+9 Int+5}
   (You found it on level 4 of the Dungeon)

   [ring of fire]

   It enhances your fire magic.
   Int:       It affects your intelligence (+5).
   rF:        It protects you from fire.
   rC:        It makes you vulnerable to cold.
   MP:        It affects your magic capacity (+9).
   Contam:    It causes magical contamination when unequipped.
 p - a ring of ice
Scrolls
 h - a scroll of identify
Potions
 g - a potion of resistance {unknown}
 k - a potion of might
 n - a potion of curing
Miscellaneous
 c - a piece from Xom's chessboard (15/15)

Dungeon Overview and Level Annotations

Branches:
Dungeon (5/15)
 Temple: D:4-7

Altars:
Makhleb
Nemelex Xobeh
Zin

Annotations:
D:4 1 transporter
D:5 Blork the orc


Message History

You hit Dowan.
You kill Dowan!
You hear a distant scream of rage.
You completely miss something.
Blork the orc hits you from afar with a +0 glaive of venom!
You are poisoned.
Something hits you.
Your Axes skill increases to level 9!
You feel very sick.
Blork the orc hits you with a +0 glaive of venom.
Blork the orc closely misses you. Something hits you.
You hit Blork the orc but do no damage. You slash something!
You feel sick.
Blork the orc looks satisfied for a moment.
Something hits you but does no damage.
Blork the orc hits you with a +0 glaive of venom!
You closely miss Blork the orc. You closely miss something.
You feel sick.
Blork the orc hits you with a +0 glaive of venom.
Something hits you but does no damage.
Blork the orc points at you and mumbles some strange words.
The puff of frost hits you but does no damage.
You closely miss Blork the orc. You hit something.
Reactivating autopickup.
You feel a bit more experienced.
You feel sick.
Blork the orc points at you and mumbles some strange words.
The puff of frost hits you but does no damage.
You have reached level 8!
You feel agile.
You slash Blork the orc!
Blork the orc is moderately wounded.
You feel sick.
Blork the orc hits you with a +0 glaive of venom.
A howler monkey comes into view.
Blork the orc casts a cantrip, but nothing happens.
You barely miss Blork the orc.
Blork the orc is moderately wounded.
You feel sick.
The howler monkey howls!
Blork the orc hits you with a +0 glaive of venom!
You die...

# # ..#. .#.
# .. #.#
#.######.#.#
##........>.
#......##.#
#....o....#
#...@)..#
#..))...#
###)%#h.#
#..#..#
....#..#
##...#...
#.#....##
#.......
###.....


You could see Blork the orc (fast) and a howler monkey.

Vanquished Creatures
  Sigmund (D:2)
  An ogre (D:3)
  2 scorpions
  A necrophage (D:4)
  Dowan (D:5)
  A hound (D:5)
  An orc priest (D:4)
  Jessica (D:2)
  An iguana (D:4)
  3 orc wizards
  A hound skeleton (D:4)
  6 adders
  A worm (D:2)
  A dart slug (D:1)
  20 orcs
  6 bats
  4 endoplasms
  5 giant cockroaches
  17 hobgoblins
  3 quokkas (D:2)
  8 ball pythons
  A frilled lizard (D:3)
  8 goblins
  5 kobolds
  11 rats
110 creatures vanquished.

Vanquished Creatures (others)
  An orc priest (D:5)
  41 plants (D:3)
42 creatures vanquished.

Grand Total: 152 creatures vanquished

Notes
Turn   | Place    | Note
-------+----------+-------------------------------------------
     0 | D:1      | qw the Barachi Chaos Knight began the quest for the Orb.
     0 | D:1      | Reached XP level 1. HP: 18/18 MP: 1/1
     0 | D:1      | 0 ||| qw: Version: 0.1-a-108-g9e35731
     0 | D:1      | 0 ||| qw: Game counter: 6212
     0 | D:1      | 0 ||| qw: Always use a shield: true
     0 | D:1      | 0 ||| qw: God list: Okawaru
     0 | D:1      | 0 ||| qw: Allow faded altars: false
     0 | D:1      | 0 ||| qw: Do Orc after D:15 true
     0 | D:1      | 0 ||| qw: Do second Lair branch before Depths: true
     0 | D:1      | 0 ||| qw: Lair rune preference: random
     0 | D:1      | 0 ||| qw: Plans: Normal
     0 | D:1      | 0 ||| PLANNING D:1-11
     0 | D:1      | Fell from the grace of Xom
     8 | D:1      | 8 ||| Stepping ~*~*~tactically~*~*~ (stealth).
     9 | D:1      | 9 ||| Stepping ~*~*~tactically~*~*~ (stealth).
    10 | D:1      | 10 ||| Stepping ~*~*~tactically~*~*~ (stealth).
    13 | D:1      | 13 ||| Stepping ~*~*~tactically~*~*~ (stealth).
   131 | D:1      | 131 ||| DROPPING +0 club.
   236 | D:1      | Reached XP level 2. HP: 8/24 MP: 2/2
   592 | D:1      | Reached skill level 4 in Axes
   592 | D:1      | 592 ||| DROPPING +2 whip of holy wrath.
   832 | D:1      | XOM: summons 3 hostile shadow creatures
  1061 | D:1      | Reached XP level 3. HP: 29/29 MP: 3/3
  1087 | D:1      | XOM: torment (16/29 hp)
  1319 | D:1      | 1319 ||| DROPPING orb of guile.
  1320 | D:1      | 1320 ||| UPGRADING to +1 helmet.
  1325 | D:1      | 1325 ||| UPGRADING to +3 scale mail.
  1335 | D:1      | 1335 ||| DROPPING +2 leather armour.
  1336 | D:1      | 1336 ||| DROPPING ring of magical power.
  1337 | D:1      | 1337 ||| READING 2 scrolls labelled RAW JOOCAOMOPN.
  1338 | D:1      | 1338 ||| READING scroll of enchant weapon.
  1338 | D:1      | 1338 ||| ENCHANTING +1 hand axe of chaos.
  1339 | D:1      | 1339 ||| READING 2 scrolls labelled NOYVIGE SAYTUH.
  1340 | D:1      | 1340 ||| READING scroll labelled FESY SURUNK.
  1341 | D:1      | 1341 ||| READING scroll labelled KALACL NIAMU.
  1442 | D:1      | 1442 ||| READING scroll labelled QALAKI ZIUBO.
  1504 | D:2      | Noticed Sigmund
  1505 | D:2      | 1505 ||| Stepping ~*~*~tactically~*~*~ (hiding).
  1519 | D:2      | Killed Sigmund
  1520 | D:2      | Reached skill level 6 in Axes
  1520 | D:2      | Reached XP level 4. HP: 10/36 MP: 4/4
  1520 | D:2      | Reached XP level 5. HP: 11/41 MP: 5/5
  1816 | D:2      | 1816 ||| SWAPPING to +0 broad axe.
  1885 | D:2      | 1885 ||| DROPPING +2 hand axe of chaos.
  1982 | D:2      | 1982 ||| Stepping ~*~*~tactically~*~*~ (hiding).
  1983 | D:2      | 1983 ||| Stepping ~*~*~tactically~*~*~ (hiding).
  2113 | D:2      | XOM: summons 1 hostile shadow creature
  2229 | D:2      | XOM: give mutation
  2229 | D:2      | Gained mutation: Your spells are a little harder to cast,
                  | but a little more powerful. [Xom's mischief]
  2294 | D:2      | 2294 ||| Stepping ~*~*~tactically~*~*~ (stealth).
  2296 | D:2      | Noticed Jessica
  2297 | D:2      | 2297 ||| Stepping ~*~*~tactically~*~*~ (hiding).
  2315 | D:2      | HP: 10/42 [Jessica/+0 club (2)]
  2317 | D:2      | HP: 2/42 [Jessica/+0 club (3)]
  2322 | D:2      | Killed Jessica
  2323 | D:2      | Reached skill level 7 in Axes
  2323 | D:2      | Reached XP level 6. HP: 2/48 MP: 6/6
  2331 | D:2      | 2331 ||| FLEEEEING.
  2332 | D:2      | 2332 ||| FLEEEEING.
  2333 | D:2      | 2333 ||| FLEEEEING.
  2337 | D:2      | 2337 ||| FLEEEEING.
  2341 | D:2      | 2341 ||| FLEEEEING.
  2342 | D:2      | 2342 ||| FLEEEEING.
  2343 | D:2      | 2343 ||| FLEEEEING.
  2344 | D:2      | 2344 ||| FLEEEEING.
  2345 | D:2      | 2345 ||| FLEEEEING.
  2346 | D:2      | 2346 ||| FLEEEEING.
  2348 | D:2      | 2348 ||| FLEEEEING.
  2349 | D:2      | 2349 ||| FLEEEEING.
  2350 | D:2      | 2350 ||| FLEEEEING.
  2351 | D:2      | 2351 ||| FLEEEEING.
  2352 | D:2      | 2352 ||| FLEEEEING.
  2353 | D:2      | 2353 ||| FLEEEEING.
  2354 | D:2      | 2354 ||| FLEEEEING.
  2355 | D:2      | 2355 ||| FLEEEEING.
  2356 | D:2      | 2356 ||| FLEEEEING.
  2840 | D:2      | 2840 ||| Stepping ~*~*~tactically~*~*~ (stealth).
  2945 | D:2      | 2945 ||| UPGRADING to +2 ring mail of poison resistance.
  2955 | D:2      | 2955 ||| READING scroll labelled BIGOIS XIHACRE.
  2955 | D:2      | Identified a scroll of acquirement
  2955 | D:2      | 2955 ||| ACQUIRING ring "Cuquc" {Fire rElec rN+ Str-2
                  | Slay+3}
  2955 | D:2      | Acquired the ring "Cuquc" {Fire rElec rN+ Str-2 Slay+3}
  2957 | D:2      | 2957 ||| UPGRADING to ring "Cuquc" {Fire rElec rN+ Str-2
                  | Slay+3}.
  2958 | D:2      | 2958 ||| READING scroll labelled CAIDUEHE CODE.
  3001 | D:3      | 3001 ||| Stepping ~*~*~tactically~*~*~ (stealth).
  3015 | D:3      | 3015 ||| Stepping ~*~*~tactically~*~*~ (stealth).
  3019 | D:3      | 3019 ||| Stepping ~*~*~tactically~*~*~ (stealth).
  3054 | D:3      | 3054 ||| Stepping ~*~*~tactically~*~*~ (stealth).
  3058 | D:3      | 3058 ||| Stepping ~*~*~tactically~*~*~ (stealth).
  3061 | D:3      | 3061 ||| Stepping ~*~*~tactically~*~*~ (stealth).
  3078 | D:3      | 3078 ||| Stepping ~*~*~tactically~*~*~ (stealth).
  3079 | D:3      | 3079 ||| Stepping ~*~*~tactically~*~*~ (stealth).
  3104 | D:3      | XOM: 6-stop teleportation journey
  3165 | D:3      | Found a faded altar of an unknown god.
  3308 | D:3      | 3308 ||| Stepping ~*~*~tactically~*~*~ (stealth).
  3337 | D:3      | 3337 ||| Stepping ~*~*~tactically~*~*~ (stealth).
  3352 | D:3      | 3352 ||| FLEEEEING.
  3353 | D:3      | 3353 ||| FLEEEEING.
  3354 | D:3      | 3354 ||| FLEEEEING.
  3355 | D:3      | 3355 ||| FLEEEEING.
  3358 | D:3      | 3358 ||| FLEEEEING.
  3359 | D:3      | 3359 ||| FLEEEEING.
  3360 | D:3      | 3360 ||| FLEEEEING.
  3363 | D:3      | 3363 ||| FLEEEEING.
  3364 | D:3      | 3364 ||| FLEEEEING.
  3366 | D:3      | 3366 ||| STAIRDANCE
  3453 | D:2      | 3453 ||| DROPPING orb of mayhem.
  3454 | D:2      | 3454 ||| UPGRADING to +0 cloak.
  3459 | D:2      | 3459 ||| READING scroll labelled ONOBOS WOUTHRYC.
  3460 | D:2      | 3460 ||| READING scroll labelled LACRAI VIUM.
  3461 | D:2      | 3461 ||| READING scroll labelled IPEAKHL AFUSASCH.
  3569 | D:3      | XOM: stat loss: -3 Int (10/13)
  3838 | D:3      | 3838 ||| DRINKING 2 pink potions.
  3839 | D:3      | 3839 ||| DROPPING potion of attraction.
  3858 | D:4      | 3858 ||| STAIRDANCE
  3863 | D:3      | Reached skill level 8 in Axes
  3863 | D:3      | Reached XP level 7. HP: 46/54 MP: 7/7
  3907 | D:3      | 3907 ||| DROPPING +3 whip.
  3911 | D:4      | 3911 ||| STAIRDANCE
  3943 | D:4      | 3943 ||| Stepping ~*~*~tactically~*~*~ (stealth).
  3980 | D:4      | Identified the ring of Caplia {Fire Contam MP+9 Int+5}
  4000 | D:4      | Found a sparkling altar of Nemelex Xobeh.
  4000 | D:4      | Found a transporter.
  4205 | D:4      | XOM: 1-stop teleportation journey
  4261 | D:4      | Found a burning altar of Makhleb.
  4338 | D:4      | Found a glowing silver altar of Zin.
  4613 | D:4      | 4613 ||| Stepping ~*~*~tactically~*~*~ (stealth).
  4632 | D:4      | 4632 ||| Stepping ~*~*~tactically~*~*~ (stealth).
  4637 | D:4      | 4637 ||| Stepping ~*~*~tactically~*~*~ (stealth).
  4645 | D:4      | Reached skill level 1 in Throwing
  4705 | D:4      | 4705 ||| Stepping ~*~*~tactically~*~*~ (hiding).
  4706 | D:4      | 4706 ||| Stepping ~*~*~tactically~*~*~ (hiding).
  4742 | D:4      | 4742 ||| Stepping ~*~*~tactically~*~*~ (stealth).
  4744 | D:4      | 4744 ||| Stepping ~*~*~tactically~*~*~ (stealth).
  4745 | D:4      | 4745 ||| Stepping ~*~*~tactically~*~*~ (stealth).
  4746 | D:4      | 4746 ||| Stepping ~*~*~tactically~*~*~ (stealth).
  4747 | D:4      | 4747 ||| Stepping ~*~*~tactically~*~*~ (stealth).
  4750 | D:4      | 4750 ||| Stepping ~*~*~tactically~*~*~ (stealth).
  4753 | D:4      | 4753 ||| Stepping ~*~*~tactically~*~*~ (hiding).
  4880 | D:4      | 4880 ||| UPGRADING to ring of Caplia {Fire Contam MP+9
                  | Int+5}.
  4941 | D:4      | 4941 ||| READING scroll labelled HUULEI KOCS.
  4942 | D:4      | 4942 ||| DRINKING 2 silvery potions.
  4943 | D:4      | 4943 ||| DRINKING 2 puce potions.
  4944 | D:4      | 4944 ||| DRINKING 2 fuming silvery potions.
  4945 | D:4      | 4945 ||| READING 2 scrolls of identify.
  4945 | D:4      | 4945 ||| IDENTIFYING bubbling dark potion
  4946 | D:4      | 4946 ||| DROPPING potion of lignification.
  4947 | D:4      | 4947 ||| DROPPING potion of flight.
  4993 | D:5      | Entered Level 5 of the Dungeon
  4993 | D:5      | Noticed Dowan
  4994 | D:5      | Noticed Blork the orc
  5001 | D:5      | Killed Dowan
  5002 | D:5      | Reached skill level 9 in Axes
  5003 | D:5      | HP: 12/56 [Blork the orc/+0 glaive of venom (16)]
  5006 | D:5      | Reached XP level 8. HP: 9/63 MP: 8/8
  5007 | D:5      | Slain by Blork the orc

Levels and vault maps discovered:
D:1:      ebering_hopf_link, layout_basic
D:2:      layout_basic, kennysheep_another_room, uniq_jessica, uniq_sigmund
D:3:      layout_loops_cross, shapermc_ecumenical_altar_flowoftime,
          serial_bayou, serial_bayou_ford_a, serial_bayou_pond_b,
          serial_bayou_pond_a, serial_bayou_pond_c, serial_bayou_lagoon_b,
          serial_bayou_lake_a, grunt_ministairs_2
D:4:      layout_loops_cross, overflow_temple_1_default,
          grunt_nemelex_the_gamble, makhleb_blood_cavern_becter,
          minmay_tree_intersection
D:5:      layout_basic, minmay_temple_entry_tees, uniq_edmund,
          uniq_blork_the_orc, uniq_duvessa

Skill      XL: |  1  2  3  4  5  6  7 |
---------------+----------------------+-----
Axes           | 4 6 7 8 9 |  9.0
Fighting       | 4 5 |  5.5
Dodging        | 2 |  2.2
Throwing       | 1 |  1.0
Armour         | |  2.4

Action                   |  1- 3 |  4- 6 |  7- 9 || total
-------------------------+-------+-------+-------++-------
Melee: Hand axe          |    70 |     2 |       ||    72
       Broad axe         |       |   113 |    71 ||   184
       Punch             |       |     1 |       ||     1
Throw: Boomerang         |    29 |    43 |    24 ||    96
Invok: Renounce Religion |     1 |       |       ||     1
  Use: Scroll            |     6 |     5 |     2 ||    13
       Potion            |       |     1 |     3 ||     4
 Stab: Paralysed         |     1 |       |       ||     1
Armor: Leather armour    |    12 |       |       ||    12
       Scale mail        |     3 |    42 |       ||    45
       Ring mail         |       |    27 |    39 ||    66
Dodge: Dodged            |    38 |    57 |    29 ||   124

Table legend:
 A = Non-vault XP
 B = Vault XP
 C = Vault XP percentage of total XP
 D = Non-vault monster count
 E = Vault monster count
 F = Vault count percentage of total count
                 A         B        C        D         E       F
            +---------+---------+-------+---------+---------+-------
      Total |     761 |     438 |  36.5 |     102 |       9 |   8.1
            +---------+---------+-------+---------+---------+-------
        D:1 |      40 |       0 |   0.0 |      24 |       0 |   0.0
        D:2 |      53 |     251 |  82.6 |      22 |       2 |   8.3
        D:3 |     274 |      19 |   6.5 |      25 |       4 |  13.8
        D:4 |     296 |      99 |  25.1 |      26 |       2 |   7.1
        D:5 |      98 |      69 |  41.3 |       5 |       1 |  16.7
            +---------+---------+-------+---------+---------+-------
